 Dungeon Crawl Stone Soup version 0.25-a0-435-g4b9beb1024 (webtiles) character file.

Game seed: 2061822003370621656, levelgen mode: deterministic

2406 kae the Transmogrifier (level 9, -6/64 HPs)
             Began as a Pale Draconian Transmuter on Jan 29, 2020.
             Was the Champion of Uskayaw.
             Mangled by a killer bee (10 damage)
             ... on level 8 of the Dungeon.
             The game lasted 00:09:17 (9231 turns).

kae the Transmogrifier (Pale Draconian Transmuter)  Turns: 9231, Time: 00:09:18

Health: -6/64      AC:  8    Str: 13    XL:     9   Next: 23%
Magic:  8/12       EV: 12    Int: 13    God:    Uskayaw [******]
Gold:   311        SH:  0    Dex: 15    Spells: 1/12 levels left

rFire    . . .     SeeInvis .     - Unarmed
rCold    . . .     Gourm    +   (shield currently unavailable)
rNeg     . . .     Faith    .   (armour unavailable)
rPois    .         Spirit   .   (helmet restricted)
rElec    .         Reflect  .   m - +0 cloak
rCorr    .         Harm     .   (gloves currently unavailable)
MR       .....                  (no boots)
Stlth    +.........             g - amulet of the gourmand
HPRegen  0.20/turn              v - ring of flight
MPRegen  0.13/turn              (no ring)

@: blade hands (expiring)
A: breathe steam, unfitting armour, cold-blooded, MP-powered wands, AC +7
a: Breathe Steam, End Transformation, Stomp, Line Pass, Grand Finale, Renounce
Religion, Evoke Flight


You were on level 8 of the Dungeon.
You worshipped Uskayaw.
Uskayaw was noncommittal.
You were very full.
You had blades for hands.
You visited 2 branches of the dungeon, and saw 9 of its levels.

You collected 419 gold pieces.
You spent 108 gold pieces at shops.

Inventory:

Missiles
 a - 68 arrows
 s - a throwing net (quivered)
Armour
 h - a +2 pair of gloves (melded)
 m - a +0 cloak (worn)
Jewellery
 e - a cursed amulet of harm
 g - an amulet of the gourmand (around neck)
 v - a ring of flight (left scythe-like blade)
Wands
 b - a wand of flame (23)
 t - a wand of iceblast (11)
Scrolls
 n - a scroll of identify
 o - a scroll of fog
 w - a scroll of fear
Potions
 d - 2 potions of mutation
 f - 2 potions of ambrosia
 i - a potion of might
 j - 2 potions of heal wounds
 k - a potion of invisibility
 p - a potion of agility
 r - a potion of curing
 u - a potion of degeneration
Comestibles
 c - 8 rations


   Skills:
 - Level 1.1 Fighting
 - Level 1.7 Dodging
 * Level 8.6 Unarmed Combat
 - Level 2.0 Spellcasting
 - Level 9.0 Transmutations
 + Level 3.6 Invocations


You had one spell level left.
You knew the following spells:

 Your Spells              Type           Power        Failure   Level  Hunger
a - Beastly Appendage     Tmut           ###...       13%         1    ##.....
b - Sticks to Snakes      Tmut           ###.....     14%         2    ###....
c - Spider Form           Tmut/Pois      ##........   50%         3    ####...
d - Blade Hands           Tmut           ###.......   58%         5    ######.

Your spell library contained the following spells:

 Spells                   Type           Power        Failure   Level  Hunger
 Magic Dart               Conj           #...         69%         1    ##.....
 Blink                    Tloc           N/A          78%         2    ###....
 Call Imp                 Summ           #.......     78%         2    ###....
 Slow                     Hex            #.......     78%         2    ###....
 Ice Form                 Ice/Tmut       ##......     78%         4    #####..
 Conjure Flame            Conj/Fire      #.......     91%         3    ####...
 Mephitic Cloud           Conj/Pois/Air  #.......     91%         3    ####...


Dungeon Overview and Level Annotations

Branches:
Dungeon (8/15)             Temple (1/1) D:4
   Lair: D:8-11

Altars:
Ashenzari
Cheibriados
Dithmenos
Elyvilon
Fedhas
Gozag
Hepliaklqana
Kikubaaqudgha
Makhleb
Nemelex Xobeh
Okawaru
Qazlal
Ru
Sif Muna
Trog
Uskayaw
Vehumet
Wu Jian
Xom
Yredelemnul
Zin
The Shining One

Shops:
D:5 !   D:6 [

Annotations:
D:4 3 runed translucent doors, exclusion: oklob plant, kinoniko's ghost, amateur DrGl


Innate Abilities, Weirdness & Mutations

You can breathe blasts of scalding, opaque steam.
Your pale cyan-grey scales are hard. (AC +7)
You cannot fit into any form of body armour.
You are cold-blooded and may be slowed by cold attacks.
You expend magic power (3 MP) to strengthen your wands.


Message History

The killer bee stings you.
* * * LOW HITPOINT WARNING * * *
The killer bee buzzes angrily.
You slice the killer bee!!
You kill the killer bee!
You closely miss the killer bee.
Your transformation is almost over.
The killer bee stings you but does no damage.
You closely miss the killer bee. The killer bee misses you.
The killer bee barely misses you. The killer bee stings you.
* * * LOW HITPOINT WARNING * * *
The killer bee stings you.
* * * LOW HITPOINT WARNING * * *
You are lethally poisoned!
The killer bee poisons you!
Okay, then.
You feel better. The killer bee stings you.
* * * LOW HITPOINT WARNING * * *
The killer bee stings you!
You die...

..... #....
########..#
#.........# y
+........# y#
#........# y#
#........# y#
#....##.y## y#
#....###y@#.#
#....# #.††# #....#
#....# #....#
#.......
####.###########
#..# ##.#
######.###########
#
..........>.......)
..


You could see 2 killer bees.

Vanquished Creatures
  Maggie (D:6)
  A queen bee (D:8)
  An orc warrior (D:6)
  A sky beast (D:6)
  2 ogres
  A centaur (D:5)
  14 killer bees (D:8)
  3 crimson imps
  A jelly (D:5)
  3 orc priests
  A hound (D:7)
  4 orc wizards
  2 centaur skeletons
  An iguana (D:8)
  5 worker ants
  A hound zombie (D:6)
  Robin (D:2)
  3 gnolls (D:3)
  9 adders
  2 shadow imps
  2 adder skeletons
  6 worms
  A dart slug (D:2)
  3 leopard geckos
  30 orcs
  4 giant cockroaches
  12 goblins
  14 hobgoblins
  15 jackals
  6 kobolds
  3 quokkas
  3 ball pythons
  7 bats
  8 frilled lizards
  A leopard gecko skeleton (D:5)
  5 rats
177 creatures vanquished.

Vanquished Creatures (others)
  A plant (D:3)
  12 toadstools (D:4)
13 creatures vanquished.

Grand Total: 190 creatures vanquished

Notes
Turn   | Place    | Note
-------+----------+-------------------------------------------
     0 | D:1      | kae the Draconian Transmuter began the quest for the Orb.
     0 | D:1      | Reached XP level 1. HP: 16/16 MP: 3/3
   502 | D:1      | Reached XP level 2. HP: 18/23 MP: 5/5
  1115 | D:1      | Reached skill level 3 in Transmutations
  1637 | D:2      | Reached XP level 3. HP: 28/28 MP: 4/6
  1993 | D:2      | Learned a level 2 spell: Sticks to Snakes
  1997 | D:2      | Learned a level 3 spell: Spider Form
  2435 | D:2      | Reached XP level 4. HP: 26/35 MP: 7/7
  2756 | D:3      | Reached skill level 4 in Transmutations
  2836 | D:3      | Reached XP level 5. HP: 28/40 MP: 6/8
  3031 | D:3      | Gained mutation: You expend magic power (3 MP) to
                  | strengthen your wands. [potion of mutation]
  3031 | D:3      | Gained mutation: Your spells are a little easier to cast,
                  | but a little less powerful. [potion of mutation]
  3031 | D:3      | Lost mutation: Your spells are a little easier to cast, but
                  | a little less powerful. [potion of mutation]
  3335 | D:2      | Noticed Robin
  3356 | D:2      | Killed Robin
  3604 | D:3      | Found a basalt altar of Yredelemnul.
  3822 | D:3      | Reached skill level 5 in Transmutations
  4315 | D:3      | Reached XP level 6. HP: 32/47 MP: 6/9
  4577 | D:4      | Found a blossoming altar of Fedhas.
  4616 | D:4      | Noticed an oklob plant
  4887 | D:4      | Found a staircase to the Ecumenical Temple.
  5109 | D:4      | Reached skill level 6 in Transmutations
  5116 | D:4      | Reached skill level 5 in Unarmed Combat
  5236 | D:4      | Found a runed translucent gate.
  5236 | D:4      | Noticed kinoniko's ghost (amateur DrGl)
  5237 | D:4      | Found a runed translucent gate.
  5237 | D:4      | Found a runed translucent gate.
  5551 | D:5      | Entered Level 5 of the Dungeon
  5765 | D:5      | Your scales start taking on a pale cyan-grey colour.
  5765 | D:5      | Reached XP level 7. HP: 52/52 MP: 8/10
  5918 | Temple   | Entered the Ecumenical Temple
  6063 | Temple   | Became a worshipper of Uskayaw the Reveler
  6195 | D:5      | Reached * piety under Uskayaw
  6201 | D:5      | Reached ** piety under Uskayaw
  6358 | D:5      | Found Vuig's Distillery.
  6361 | D:5      | Bought a potion of lignification for 36 gold pieces
  6361 | D:5      | Bought a potion of curing for 36 gold pieces
  6361 | D:5      | Bought a potion of curing for 36 gold pieces
  6574 | D:5      | Reached skill level 7 in Transmutations
  6945 | D:6      | Noticed Maggie
  7179 | D:6      | Reached *** piety under Uskayaw
  7192 | D:6      | Reached XP level 8. HP: 36/59 MP: 7/11
  7390 | D:6      | Reached skill level 8 in Transmutations
  7943 | D:6      | Learned a level 5 spell: Blade Hands
  7995 | D:6      | Killed Maggie
  8229 | D:6      | Found Nepyefug's Armour Shoppe.
  8520 | D:7      | Reached skill level 9 in Transmutations
  8972 | D:8      | Reached skill level 1 in Invocations
  8974 | D:8      | Reached **** piety under Uskayaw
  8986 | D:8      | Reached ***** piety under Uskayaw
  9167 | D:8      | Noticed a queen bee
  9183 | D:8      | Killed a queen bee
  9183 | D:8      | Reached XP level 9. HP: 64/64 MP: 12/12
  9209 | D:8      | Reached ****** piety under Uskayaw
  9230 | D:8      | HP: 3/64 [killer bee (4)]
  9231 | D:8      | Mangled by a killer bee

Levels and vault maps discovered:
D:1:      co_arrival_random_square_maze, layout_loops_corners,
          skrybe_limestone_x, chequers_serial_rivers_small_3
D:2:      layout_basic, first_ration, minivault_4, uniq_robin
D:3:      layout_loops_ring, lemuel_round_altar, saegor_snake_ambush
D:4:      layout_loops_ring, minmay_temple_entry_from_below_a,
          gammafunk_ghost_split, tgw_fedhas
D:5:      layout_loops_ring, serial_shops, shop
D:6:      layout_loops_ring, serial_shops,
          nicolae_shop_temple_entry_statues_fountains, uniq_maggie
D:7:      layout_rooms
D:8:      layout_basic, ebering_ghost_funeral_grove, serial_bayou_ford_a,
          david_nohive_1, minmay_between
Temple:   kilobyte_greek_temple

Skill      XL: |  1  2  3  4  5  6  7  8  9 |
---------------+----------------------------+-----
Transmutations | 3 4 5 6 7 9 |  9.0
Unarmed Combat | 4 5 6 8 |  8.6
Invocations    | 2 3 |  3.6
Fighting       | |  1.1
Dodging        | |  1.7
Spellcasting   | |  2.0

Action                   |  1- 3 |  4- 6 |  7- 9 || total
-------------------------+-------+-------+-------++-------
Melee: Unarmed           |   155 |   243 |   278 ||   676
       Kick              |    15 |    14 |    16 ||    45
       Tailslap          |    10 |    23 |    16 ||    49
       Headbutt          |     5 |    14 |     4 ||    23
       Punch             |     1 |     7 |     5 ||    13
 Cast: Beastly Appendage |    24 |    19 |    10 ||    53
       Spider Form       |       |     6 |     9 ||    15
       Sticks to Snakes  |       |     2 |       ||     2
       Blade Hands       |       |       |     4 ||     4
 Abil: Breathe Steam     |       |       |     1 ||     1
  Use: Scroll            |     2 |     2 |     8 ||    12
       Potion            |       |    10 |     3 ||    13
 Stab: Sleeping          |     1 |     1 |       ||     2
       Paralysed         |       |       |    12 ||    12
  Eat: Chunk             |     5 |    21 |    13 ||    39
Armor: Skin              |    35 |    58 |   122 ||   215
Dodge: Dodged            |    99 |   188 |   156 ||   443

Table legend:
 A = Non-vault XP
 B = Vault XP
 C = Vault XP percentage of total XP
 D = Non-vault monster count
 E = Vault monster count
 F = Vault count percentage of total count
                 A         B        C        D         E       F
            +---------+---------+-------+---------+---------+-------
      Total |    2207 |    1231 |  35.8 |     152 |      25 |  14.1
            +---------+---------+-------+---------+---------+-------
        D:1 |      37 |       0 |   0.0 |      22 |       0 |   0.0
        D:2 |      75 |      37 |  33.0 |      19 |      13 |  40.6
        D:3 |     219 |      16 |   6.8 |      31 |       2 |   6.1
        D:4 |     314 |       0 |   0.0 |      20 |       0 |   0.0
        D:5 |     421 |       0 |   0.0 |      22 |       0 |   0.0
        D:6 |     399 |     398 |  49.9 |      19 |       1 |   5.0
        D:7 |     283 |       0 |   0.0 |      10 |       0 |   0.0
        D:8 |     459 |     780 |  63.0 |       9 |       9 |  50.0
            +---------+---------+-------+---------+---------+-------
